 Dungeon Crawl Stone Soup version 0.15-a0-1253-g15b4f57 (webtiles) character file.

72 Quh the Charmwright (level 4, -4/30 HPs)
             Began as a High Elf Skald on June 4, 2014.
             Killed from afar by Ijyb (5 damage)
             ... with a wand of flame
             ... on Level 2 of the Dungeon.
             The game lasted 00:07:30 (2095 turns).

Quh the Charmwright (High Elf Skald)                Turns: 2095, Time: 00:07:30

HP  -4/30        AC  3     Str 11      XL: 4   Next:  6%
MP   6/11        EV 11     Int 17      God:
Gold 98          SH  0     Dex 12      Spells:  3 memorised,  3 levels left

rFire  . . .     SeeInvis .     g - +0 short sword
rCold  . . .     Clarity  .     i - +0 leather armour
rNeg   . . .     rCorr    .     (no shield)
rPois  .         rRot     .     (no helmet)
rElec  .         Spirit   .     (no cloak)
SustAb .         Warding  .     (no gloves)
rMut   .         Stasis   .     (no boots)
Gourm  +                        o - amulet of the gourmand
MR     .....                    (no ring)
                                m - cursed -2 ring of dexterity

@: shrouded, infused, not resistant to hostile enchantments, very unstealthy
A: no striking features
a: no special abilities


You were on level 2 of the Dungeon.
You were not hungry.

You visited 1 branch of the dungeon, and saw 2 of its levels.

You collected 98 gold pieces.

Inventory:

Hand weapons
 a - a +0,+0 short sword
 g - a +0,+0 short sword (weapon)
Missiles
 e - 44 stones (quivered)
Armour
 b - a +0 leather armour
 i - a +0 leather armour (worn)
Comestibles
 d - 2 bread rations
Scrolls
 n - a scroll of identify
Jewellery
 m - a cursed -2 ring of dexterity (left hand)
 o - an amulet of the gourmand (around neck)
Potions
 f - a potion of heal wounds
 h - a potion of haste
Books
 c - a book of Battle

   Spells                             Type                      Level
   *Infusion                          Charms                       1
   *Shroud of Golubria                Charms/Translocation         2
   *Song of Slaying                   Charms                       2
   Spectral Weapon                    Hexes/Charms                 3
   Regeneration                       Charms/Necromancy            3


   Skills:
 + Level 2.4 Fighting
 * Level 3.6 Short Blades
 - Level 0.8 Armour
 + Level 1.9 Dodging
 + Level 2.6 Spellcasting
 * Level 4.4 Charms


You had 3 spell levels left.
You knew the following spells:

 Your Spells              Type           Power        Failure   Level  Hunger
a - Infusion              Chrm           ###...       2%          1    #......
b - Shroud of Golubria    Chrm/Tloc      #.........   14%         2    ##.....
c - Song of Slaying       Chrm           ###.....     4%          2    ##.....


Dungeon Overview and Level Annotations

Branches:
Dungeon (2/15)

Altars:

Annotations:
D:2 Ijyb


Message History

Ijyb hits you with a club.
Casting: Shroud of Golubria
Confirm with . or Enter, or press ? or * to list all spells.
You begin infusing your attacks with magical energy.
Ijyb zaps a wand.
The puff of flame hits you!
You hit Ijyb.
Ijyb is lightly wounded.
Ijyb zaps a wand.
The puff of flame hits you!
* * * LOW HITPOINT WARNING * * *
You miss Ijyb.
Ijyb is lightly wounded.
Your shroud bends Ijyb's attack away.
You hit Ijyb.
Ijyb is moderately wounded.
Ijyb zaps a wand.
The puff of flame hits you!
* * * LOW HITPOINT WARNING * * *
You miss Ijyb.
Ijyb is moderately wounded.
Ijyb zaps a wand.
The puff of flame hits you!
You die...

*,,,,,***, **,,,*** *, #####
*,,,,*****, *****
##...####,**,*,,,*, *,,,*
#.......#.**,*,,,,, ,,,,*
#.........,,,*,,,,* ,,,,
#.........** **,** ,, ,*
#.g.......# *,,,,,, ,******
######@......#***,,,,,, ,* +,,*
#........#...#*,,,,,,,,
,****.#####.......####,#*,*******
,,,,#.>................,,,,,,,,,,
,,,,*.####...####.##...**********
,,,.** #...##...#,,..* *
....######...#.....,., * ***
,...................., * *,,,
,#...######...###....,,* *,,,


You could see Ijyb.

Vanquished Creatures
  3 gnolls
  3 giant geckos (D:1)
  5 bats
  2 giant cockroaches (D:2)
  5 goblins (D:1)
  6 hobgoblins
  A jackal (D:1)
  3 giant newts (D:1)
  7 kobolds
  3 rats
38 creatures vanquished.

Notes
Turn   | Place    | Note
--------------------------------------------------------------
     0 | D:1      | Quh, the High Elf Skald, began the quest for the Orb.
     0 | D:1      | Reached XP level 1. HP: 14/14 MP: 4/4
     2 | D:1      | Noticed an iron imp
     2 | D:1      | Noticed Skisur the pandemonium lord
     2 | D:1      | Noticed an iron imp
     3 | D:1      | Noticed a sun demon
     5 | D:1      | Noticed an orange demon
    46 | D:1      | Noticed a hell beast
    48 | D:1      | Noticed an Executioner
    84 | D:1      | Reached skill level 4 in Charms
   432 | D:1      | Reached XP level 2. HP: 19/19 MP: 3/6
   436 | D:1      | Learned a level 2 spell: Shroud of Golubria
   448 | D:1      | Learned a level 2 spell: Song of Slaying
  1188 | D:1      | Reached XP level 3. HP: 24/24 MP: 6/8
  2002 | D:2      | Reached XP level 4. HP: 25/30 MP: 6/11
  2089 | D:2      | Noticed Ijyb
  2094 | D:2      | HP: 1/30 [Ijyb/wand of flame (6)]
  2095 | D:2      | Killed from afar by Ijyb

Action                   |  1- 3 |  4- 6 || total
-------------------------+-------+-------++-------
Melee: Short sword       |   138 |    14 ||   152
Throw: Stone             |     5 |       ||     5
 Cast: Infusion          |    12 |     1 ||    13
       Shroud of Golubri |    18 |     2 ||    20
  Use: Potion            |     1 |       ||     1
       Scroll            |       |     4 ||     4
